 Dungeon Crawl Stone Soup version 0.26.1-2-gb8aa6d0cf2 (webtiles) character file.

Game seed: 11739955682115311379

1225 sking99 the Chiller (level 8, -3/48 HPs)
             Began as a Gargoyle Ice Elementalist on Feb 19, 2021.
             Was an Initiate of Gozag.
             Slain by a worker ant (6 damage)
             ... on level 5 of the Dungeon.
             The game lasted 00:21:45 (6552 turns).

sking99 the Chiller (Gargoyle Ice Elementalist)     Turns: 6552, Time: 00:21:47

Health: -3/48      AC: 10    Str: 13    XL:     8   Next: 47%
Magic:  1/13       EV: 12    Int: 17    God:    Gozag
Gold:   878        SH:  0    Dex: 10    Spells: 3/14 levels left

rFire    . . .     SeeInvis .   i - +2 whip (venom)
rCold    . . .     Faith    .   (no shield)
rNeg     + . .     Spirit   .   e - +0 leather armour
rPois    ∞         Reflect  .   g - +0 helmet
rElec    +         Harm     .   (no cloak)
rCorr    .         Rampage  .   q - +0 pair of gloves
Will     .....                  (no boots)
Stlth    ++........             (no amulet)
HPRegen  0.16/turn              (no ring)
MPRegen  0.13/turn              (no ring)

@: frozen ramparts
A: negative energy resistance 1, electricity resistance, unbreathing,
petrification resistance, miasma immunity, AC +5
a: Renounce Religion, Potion Petition, Call Merchant, Bribe Branch


You were on level 5 of the Dungeon.
You worshipped Gozag.
Gozag was pleased with you.
You visited 1 branch of the dungeon, and saw 6 of its levels.

You collected 878 gold pieces.

Inventory:

Hand Weapons
 i - a +2 whip of venom (weapon)
Armour
 e - a +0 leather armour (worn)
 g - a +0 helmet (worn)
 q - a +0 pair of gloves (worn)
Magical Staves
 s - an uncursed staff of earth {unknown}
Jewellery
 c - an uncursed amulet of magic regeneration {unknown}
 k - an uncursed ring of wizardry {unknown}
Scrolls
 d - 2 scrolls of remove curse
 f - a scroll of immolation {unknown}
 h - 2 scrolls of fear {unknown}
 j - 2 scrolls of blinking {unknown}
 l - 2 scrolls of enchant armour {unknown}
 m - a scroll of teleportation {unknown}
 o - 4 scrolls of amnesia {unknown}
Potions
 a - a potion of ambrosia {unknown}
 b - 5 potions of heal wounds
 n - a potion of brilliance
 p - 3 potions of curing {unknown}
 r - a potion of resistance {unknown}


   Skills:
 + Level 4.7 Fighting
 - Level 2.1 Dodging
 - Level 3.0 Stealth
 + Level 3.6 Spellcasting
 + Level 3.6 Conjurations
 * Level 7.9 Ice Magic


You had 3 spell levels left.
You knew the following spells:

 Your Spells              Type           Power        Failure   Level
a - Freeze                Ice            100%         1%          1
b - Frozen Ramparts       Ice            60%          2%          3
c - Ozocubu's Armour      Ice            30%          2%          3
d - Hailstorm             Conj/Ice       22%          19%         4

Your spell library contained the following spells:

 Spells                   Type           Power        Failure   Level
 Animate Skeleton         Necr           6%           21%         1
 Apportation              Tloc           6%           21%         1
 Corona                   Hex            3%           21%         1
 Summon Small Mammal      Summ           12%          21%         1
 Summon Ice Beast         Ice/Summ       16%          38%         4


Dungeon Overview and Level Annotations

Branches:
Dungeon (6/15)
 Temple: D:4-7

Altars:
Dithmenos
Gozag
Nemelex Xobeh
Okawaru
Uskayaw

Annotations:
D:3 1 runed translucent door, Crazy Yiuf


Innate Abilities, Weirdness & Mutations

You are resistant to torment.
Your stone body is resilient. (AC +5)
You are immune to poison.
You resist negative energy. (rN+)
You are resistant to electric shocks. (rElec)
You can survive without breathing.
You are immune to petrification.
You are immune to miasma.


Message History

A worker ant comes into view.
The worker ant bites you but does no damage.
A scorpion comes into view.
The worker ant waves its antennae.
A worker ant comes into view.
The scorpion stings you but does no damage.
There is a stone staircase leading up here.
The worker ant bites you but does no damage.
The scorpion closely misses you.
You climb upwards.
There is a stone staircase leading down here.
Casting: Frozen Ramparts (dangerous; 2% risk of failure)
Confirm with . or Enter, or press ? or * to list all spells.
Casting: Frozen Ramparts (dangerous; 2% risk of failure)
Press: ? - help, Dir - look around, f - activate A stone staircase leading down.
The walls around you are covered in ice.
The wall freezes the worker ant.
The worker ant bites you.
You die...
Your body crumbles into a pile of gold.

.###.....###.##...###.########...
...#..................##.........
.#.##....####.........##.........
.#.##....# #.........##.........
.#.##....# #....................
.#.##....# #.................(..
...##....#######'##............(.
...##....#...# #B##..............
...#.....#...# #@##..............
#.##.....'...# #s##.............(
..##.....##'## #.##.............(
..##...####.# #.##...........###
..##........####.##.......#####.≈
..##.............#####....# ##≈
..###............# #....# #.≈
.................# #....### ##≈
..####...........# #<.....# #.≈


You could see a scorpion and a worker ant.

Vanquished Creatures
  A phantom (D:5)
  An ice beast (D:5)
  An ogre (D:5)
  A centaur (D:5)
  2 bullfrogs
  A scorpion (D:5)
  A killer bee (D:5)
  3 hounds
  2 jellies (D:5)
  A gnoll shaman (D:5)
  2 bullfrog skeletons
  An orc wizard (D:5)
  Jessica (D:3)
  An iguana (D:4)
  2 worker ants
  A worker ant zombie (D:5)
  6 gnolls (D:5)
  7 river rats (D:5)
  4 adders
  An ufetubus (D:5)
  An ooze (D:2)
  An adder skeleton (D:4)
  3 worms
  A dart slug (D:1)
  3 leopard geckos
  7 orcs
  15 bats
  A giant cockroach (D:5)
  4 hobgoblins
  2 jackals (D:1)
  8 kobolds
  9 quokkas
  A ball python (D:2)
  A ball python skeleton (D:5)
  7 frilled lizards
  12 goblins
  A leopard gecko skeleton (D:4)
  18 rats
135 creatures vanquished.

Notes
Turn   | Place    | Note
-------+----------+-------------------------------------------
     0 | D:1      | sking99 the Gargoyle Ice Elementalist began the quest for
                  | the Orb.
     0 | D:1      | Reached XP level 1. HP: 10/10 MP: 3/3
   284 | D:1      | Reached XP level 2. HP: 15/15 MP: 0/5
   899 | D:1      | Reached XP level 3. HP: 17/19 MP: 3/6
  1197 | D:2      | Found a faded altar of an unknown god.
  1235 | D:2      | Became a worshipper of Gozag Ym Sagoz the Greedy
  1424 | D:2      | You fall into a shaft and drop 1 floor!
  1812 | D:2      | Found a hide-covered altar of Uskayaw.
  1917 | D:2      | Learned a level 3 spell: Frozen Ramparts
  2184 | D:2      | Found a sparkling altar of Nemelex Xobeh.
  2192 | D:2      | Reached XP level 4. HP: 22/24 MP: 4/7
  2333 | D:3      | Found a shadowy altar of Dithmenos.
  2428 | D:3      | Found a runed translucent door.
  2429 | D:3      | Noticed Crazy Yiuf
  2591 | D:3      | Noticed Jessica
  2594 | D:3      | Killed Jessica
  2595 | D:3      | Reached skill level 1 in Fighting
  2625 | D:3      | Learned a level 4 spell: Hailstorm
  3365 | D:4      | Reached XP level 5. HP: 18/29 MP: 5/9
  3412 | D:4      | Reached skill level 5 in Ice Magic
  4064 | D:4      | Reached XP level 6. HP: 33/35 MP: 5/10
  4311 | D:5      | Entered Level 5 of the Dungeon
  4740 | D:5      | Learned a level 3 spell: Ozocubu's Armour
  4849 | D:5      | Reached skill level 6 in Ice Magic
  4959 | D:5      | Reached XP level 7. HP: 41/41 MP: 3/12
  4988 | D:5      | Reached skill level 1 in Conjurations
  5195 | D:5      | Found an iron altar of Okawaru.
  5492 | D:5      | Reached skill level 7 in Ice Magic
  5766 | D:5      | Reached XP level 8. HP: 48/48 MP: 9/13
  6538 | D:6      | HP: 1/48 [orc warrior/+0 halberd (18)]
  6552 | D:5      | Slain by a worker ant

Illustrated notes

Levels and vault maps discovered:
D:1:      dpeg_arrival_arbitrary_c, layout_loops_ring, minmay_tripent
D:2:      layout_loops_ring, old_standard_altar,
          chequers_ecumenical_altar_island, nemelex_dance_club_becter
D:3:      layout_basic, lemuel_doored_altar, item_on_display_a,
          uniq_crazy_yiuf_cottage, uniq_jessica
D:4:      layout_basic
D:5:      lemuel_ratsnest, layout_basic, okawaru_altar_gauntlet_db
D:6:      layout_cave_pools

Skill      XL: |  1  2  3  4  5  6  7  8 |
---------------+-------------------------+-----
Dodging        | 2 |  2.1
Stealth        | 3 |  3.0
Fighting       | 1 2 3 4 |  4.7
Spellcasting   | 3 |  3.6
Ice Magic      | 5 6 7 |  7.9
Conjurations   | 2 3 |  3.6

Action                   |  1- 3 |  4- 6 |  7- 9 || total
-------------------------+-------+-------+-------++-------
Melee: Unarmed           |     5 |       |       ||     5
       Whip              |     2 |    31 |   130 ||   163
 Cast: Freeze            |    74 |    61 |     2 ||   137
       Frozen Ramparts   |       |     3 |    24 ||    27
       Ozocubu's Armour  |       |     1 |     6 ||     7
  Use: Scroll            |       |     3 |       ||     3
 Stab: Sleeping          |       |     1 |     1 ||     2
Armor: Robe              |     2 |       |       ||     2
       Leather armour    |    17 |    26 |    60 ||   103
Dodge: Dodged            |    47 |    51 |    71 ||   169
